 Dungeon Crawl Stone Soup version 0.29.1-2-gbd0b4ee654 (webtiles) character file.

Game seed: 10742256345873602198

104 Lutefisk the Insei (level 4, -3/31 HPs)
             Began as an Octopode Transmuter on Oct 29, 2022.
             Splashed by a jelly's acid (5 damage)
             ... on level 4 of the Dungeon.
             The game lasted 00:07:15 (1779 turns).

Lutefisk the Insei (Octopode Transmuter)            Turns: 1779, Time: 00:07:16

Health: -3/31      AC: -3    Str:  9    XL:     4   Next: 80%
Magic:  7/7        EV: 13    Int: 15    God:
Gold:   95         SH:  0    Dex: 20    Spells: 1/7 levels left

rFire   . . .      SeeInvis .     - Unarmed
rCold   . . .      Faith    .   (no shield)
rNeg    . . .      Spirit   .   (helmet restricted)
rPois   .          Reflect  .   n - amulet of magic regeneration
rElec   .          Harm     .   k - +6 ring of dexterity
rCorr   .          Rampage  .   (no ring)
Will    .....                   (no ring)
Stlth   +++.......              (no ring)
HPRegen 0.10/turn               (no ring)
MPRegen 0.50/turn               (no ring)
                                (no ring)
                                (no ring)

@: corroded, very slightly contaminated
A: almost no armour, amphibious, 8 rings, camouflage 1, gelatinous body 1,
(nimble swimmer 1), tentacles
a: no special abilities


You were on level 4 of the Dungeon.
You visited 1 branch of the dungeon, and saw 4 of its levels.

You collected 95 gold pieces.

Inventory:

Missiles
 f - 5 boomerangs (quivered)
 m - 2 silver javelins
Jewellery
 k - a +6 ring of dexterity (left tentacle)
 n - an amulet of magic regeneration (around mantle)
Wands
 o - a wand of roots (13)
Scrolls
 d - a scroll of immolation {unknown}
 h - 2 scrolls of silence {unknown}
 j - a scroll of identify {unknown}
 p - a scroll of teleportation {unknown}
Potions
 a - 2 potions of lignification
 b - 2 potions of ambrosia {unknown}
 c - 3 potions of mutation {unknown}
 e - a potion of curing {unknown}
 g - a potion of heal wounds {unknown}
 i - a potion of attraction {unknown}
 l - 4 potions of might {unknown}


   Skills:
 - Level 3.0 Fighting
 - Level 2.0 Dodging
 - Level 4.0 Unarmed Combat
 - Level 2.0 Spellcasting
 * Level 2.1 Transmutations
 - Level 2.0 Poison Magic


You had one spell level left.
You knew the following spells:

 Your Spells              Type           Power      Damage    Failure   Level
a - Beastly Appendage     Tmut           14%        N/A       10%         1
b - Wereblood             Tmut           7%         N/A       14%         2
c - Spider Form           Tmut/Pois      7%         N/A       28%         3

Your spell library contained the following spells:

 Spells                   Type           Power      Damage    Failure   Level
 Ice Form                 Ice/Tmut       4%         N/A       82%         4


Dungeon Overview and Level Annotations

Branches:
Dungeon (4/15)
 Temple: D:4-7

Altars:


Innate Abilities, Weirdness & Mutations

You cannot wear most types of armour.
You are amphibious.
You can wear up to eight rings at the same time.
Your skin changes colour to match your surroundings (Stealth+).
Your rubbery body absorbs attacks. (AC +1, EV +1)
((You are camouflaged when in or above water. (Stealth+)))
You have tentacles for arms and can constrict up to eight enemies at once.


Message History

The giant cockroach is heavily wounded.
The endoplasm quivers.
The giant cockroach misses you.
You tentacle-slap the giant cockroach but do no damage.
You grab the giant cockroach. You squeeze the giant cockroach.
You kill the giant cockroach!
You see here a giant cockroach corpse.
The endoplasm hits you.
You tentacle-slap the endoplasm.
The endoplasm is moderately wounded.
The endoplasm hits you.
You completely miss the endoplasm. You squeeze the endoplasm.
You kill the endoplasm!
A jelly comes into view.
The jelly quivers.
Casting: Beastly Appendage (safe; 10% risk of failure)
Confirm with . or Enter, or press ? or * to list all spells.
You miscast Beastly Appendage.
You are very lightly contaminated with residual magic.
Nothing appears to happen.
You tentacle-slap the jelly. The acid corrodes you!
Your tentacles burn!
You squeeze the jelly.
The jelly is moderately wounded.
The jelly misses you.
You tentacle-slap the jelly. The acid corrodes you!
Your tentacles burn!
The jelly is heavily wounded.
The jelly hits you.
You are splashed with acid!
You tentacle-slap the jelly but do no damage.
Your tentacles burn!
* * * LOW HITPOINT WARNING * * *
The jelly is heavily wounded.
The jelly closely misses you.
Okay, then.
You tentacle-slap the jelly. The acid corrodes you!
Your tentacles burn!
* * * LOW HITPOINT WARNING * * *
The jelly is severely wounded.
The jelly hits you.
* * * LOW HITPOINT WARNING * * *
You are splashed with acid.
You die...

######.#
#......############# #
#......'.†.........#.#
#####......#####.........#
....'......'...+.........#
#.###......#####.........#
#.# #...)..# #.........#
#.# ######## #.........#
#.# #@##.####.# #.#
.........J....... # #.#
.########.####### #.# ..#
... #.#####.# .##
#....##.# .. ####.##.# #.
#....# ## ###..# #


You could see a jelly.

Vanquished Creatures
  2 hounds (D:3)
  2 adders (D:3)
  An orc (D:3)
  4 endoplasms
  4 giant cockroaches
  2 goblins
  4 ball pythons
  2 bats
  2 frilled lizards (D:2)
  5 kobolds
  2 rats
30 creatures vanquished.

Notes
Turn   | Place    | Note
-------+----------+-------------------------------------------
     0 | D:1      | Lutefisk the Octopode Transmuter began the quest for the
                  | Orb.
     0 | D:1      | Reached XP level 1. HP: 13/13 MP: 3/3
   168 | D:1      | Found a faded altar of an unknown god.
   261 | D:1      | Reached XP level 2. HP: 17/18 MP: 5/5
   841 | D:3      | Learned a level 2 spell: Wereblood
   950 | D:3      | Reached XP level 3. HP: 16/25 MP: 6/6
   955 | D:3      | Learned a level 3 spell: Spider Form
  1197 | D:3      | Reached XP level 4. HP: 14/31 MP: 5/7
  1522 | D:3      | Reached skill level 4 in Unarmed Combat
  1522 | D:3      | Reached skill level 1 in Poison Magic
  1779 | D:4      | Splashed by a jelly's acid

Illustrated notes

Levels and vault maps discovered:
D:1:      elethiomel_arrival_quiet, layout_rooms, ebering_ecumenical_altar_box,
          kennysheep_minor_cross, lemuel_flame_loot_1
D:2:      layout_loops_cross
D:3:      layout_loops_corners
D:4:      layout_basic, guppyfry_shop_venom

Skill      XL: |  1  2  3  4 |
---------------+-------------+-----
Fighting       | 2 3 |  3.0
Unarmed Combat | 4 |  4.0
Poison Magic   | 2 |  2.0
Dodging        | |  2.0
Spellcasting   | |  2.0
Transmutations | |  2.1

Action                   |  1- 3 |  4- 6 || total
-------------------------+-------+-------++-------
Melee: Unarmed           |    51 |    27 ||    78
       Tentacles         |    12 |     5 ||    17
       Constrict         |    11 |     6 ||    17
       Kick              |     3 |       ||     3
       Punch             |       |     3 ||     3
 Cast: Beastly Appendage |     5 |       ||     5
 Stab: Sleeping          |     3 |     2 ||     5
Armor: Skin              |     4 |       ||     4
Dodge: Dodged            |    26 |    15 ||    41
